AoeStats
← 青山新雨 夜观星河

African Clearing

511002669Analyzed
4v4 RM · 6h ago on Oct 3, 2026· 73m 9s· 8 players
Game mode
Random Map
Map size
Large (8 player)
Population
200
Speed
Normal
Resources
Standard
Victory
Conquest
Starting age
Dark Age
Ending age
Imperial Age
RankedLock teamsTeams togetherTeam positionsShared explorationLock speedFull tech treeHidden civsTurbo modeCheats
Victory
Defeat
🇨🇳 Franks · China
1099
+14
🇺🇦 Koreans · Ukraine
1082
+15
🇩🇪 Magyars · Germany
1059
+16
🇦🇷 Malians · Argentina
1038
+17
🇨🇳 Huns · China
1088
-17
1064
-16
🇨🇳 Gurjaras · China
1058
-15
🇭🇰 Franks · Hong Kong SAR China
1016
-14
西边有座岛
4:08 Loom
14:44 Feudal Age
19:23 Castle Age
18:42 Double-Bit Axe
19:12 Town Watch
25:05 Scale Barding Armor
31:20 Chain Barding Armor
33:05 Fletching
36:09 Bloodlines
37:19 Wheelbarrow
39:21 Forging
40:01 Horse Collar
41:47 Iron Casting
42:51 Elite Skirmisher
46:44 Hand Cart
49:02 Imperial Age
46:36 Padded Archer Armor
47:28 Stone Mining
47:49 Gold Mining
48:14 Bow Saw
49:16 Leather Archer Armor
49:59 Thumb Ring
49:56 Bodkin Arrow
49:42 Cavalier
50:25 Husbandry
52:22 Gold Shaft Mining
52:33 Conscription
53:49 Two-Man Saw
55:15 Hand Cart
55:39 Plate Barding Armor
57:27 Blast Furnace
55:59 Paladin
60:34 Bracer
64:23 Pikeman
65:06 Scale Mail Armor
66:32 Chain Mail Armor
H wont help
5:53 Loom
14:57 Feudal Age
15:36 Double-Bit Axe
23:11 Castle Age
21:53 Stone Mining
22:14 Fletching
22:15 Gold Mining
23:31 Forging
24:57 Wheelbarrow
24:03 Pikeman
32:32 Town Watch
38:58 Hand Cart
40:15 Murder Holes
44:34 Imperial Age
42:11 Squires
42:14 Scale Mail Armor
43:36 Iron Casting
43:34 Ballistics
42:55 Treadmill Crane
43:02 Arson
43:03 Gambesons
43:20 Husbandry
44:27 Chain Mail Armor
45:43 Conscription
45:19 Capped Ram
47:02 Gold Shaft Mining
48:10 Blast Furnace
47:41 Plate Mail Armor
48:02 Plate Mail Armor
48:13 Cavalier
50:29 Chemistry
49:15 Arrowslits
49:01 Elite Skirmisher
49:40 Bodkin Arrow
50:28 Chivalry
50:22 Halberdier
54:00 Elite Throwing Axeman
55:20 Scale Barding Armor
55:16 Padded Archer Armor
55:04 Paladin
57:53 Hoardings
994327805
5:24 Loom
18:01 Feudal Age
22:38 Castle Age
21:02 Double-Bit Axe
20:59 Horse Collar
21:33 Gold Mining
21:51 Stone Mining
22:14 Fletching
24:21 Bodkin Arrow
31:51 Scale Barding Armor
39:22 Bow Saw
39:13 Heavy Plow
39:49 Gold Shaft Mining
41:06 Padded Archer Armor
41:48 Wheelbarrow
41:23 Town Watch
44:20 Leather Archer Armor
52:24 Imperial Age
51:33 Thumb Ring
52:10 Bloodlines
52:00 Husbandry
52:25 Husbandry
55:38 Elite Elephant Archer
57:11 Kshatriyas
58:51 Frontier Guards
59:32 Bracer
60:36 Bracer
63:23 Hand Cart
63:45 Stone Shaft Mining
63:37 Conscription
65:47 Ballistics
66:28 Chemistry
67:03 Chemistry
67:18 Forging
66:30 Elite Shrivamsha Rider
67:57 Chain Barding Armor
70:36 Plate Barding Armor
70:37 Iron Casting
71:27 Light Cavalry
青山新雨 夜观星河
5:38 Loom
15:47 Feudal Age
21:03 Castle Age
19:48 Double-Bit Axe
20:22 Bloodlines
20:23 Horse Collar
22:49 Wheelbarrow
22:41 Bow Saw
27:13 Husbandry
27:40 Heavy Plow
28:12 Scale Barding Armor
29:21 Chain Barding Armor
29:41 Gold Mining
37:12 Imperial Age
35:56 Fletching
36:29 Ballistics
36:12 Grand Trunk Road
35:39 Light Cavalry
37:39 Gold Shaft Mining
37:40 Bodkin Arrow
38:10 Hand Cart
38:26 Conscription
39:10 Chemistry
38:10 Heavy Camel Rider
40:24 Murder Holes
43:22 Hussar
46:11 Bracer
46:13 Padded Archer Armor
46:51 Elite Skirmisher
47:38 Thumb Ring
50:18 Leather Archer Armor
56:27 Ring Archer Armor
58:35 Plate Barding Armor
61:34 Plate Barding Armor
61:11 Forging
67:07 Iron Casting
68:22 Imperial Camel Rider
Xavier Mylaw
3:37 Loom
14:51 Feudal Age
16:49 Double-Bit Axe
18:02 Horse Collar
23:07 Castle Age
24:46 Bow Saw
28:23 Wheelbarrow
28:44 Scale Mail Armor
30:04 Forging
30:08 Squires
30:32 Gold Mining
36:23 Imperial Age
35:00 Hand Cart
35:52 Chain Mail Armor
36:22 Gold Shaft Mining
35:48 Stone Mining
36:15 Heavy Plow
37:15 Stone Shaft Mining
38:16 Iron Casting
39:02 Chemistry
39:07 Plate Mail Armor
40:28 Elite Gbeto
42:05 Conscription
43:00 Fortified Wall
43:01 Masonry
49:02 Crop Rotation
52:23 Ballistics
65:54 Guilds
66:15 Coinage
67:29 Banking
BuLuTBeY
3:15 Loom
12:49 Feudal Age
15:53 Wheelbarrow
15:37 Bloodlines
19:11 Double-Bit Axe
23:30 Castle Age
23:20 Fletching
23:31 Padded Archer Armor
24:06 Bodkin Arrow
24:45 Bow Saw
28:52 Ballistics
36:20 Town Watch
39:54 Horse Collar
44:03 Gold Mining
44:04 Stone Mining
44:11 Stone Mining
45:36 Gold Shaft Mining
51:54 Imperial Age
50:02 Hand Cart
51:40 Corvinian Army
53:41 Scale Barding Armor
54:21 Bracer
55:08 Thumb Ring
55:40 Chain Barding Armor
55:35 Leather Archer Armor
56:24 Light Cavalry
57:05 Husbandry
59:33 Parthian Tactics
60:15 Scale Mail Armor
59:53 Pikeman
60:19 Arson
61:54 Chain Mail Armor
70:09 Elite Skirmisher
sparttanez
3:36 Loom
13:00 Feudal Age
14:37 Double-Bit Axe
16:16 Town Watch
19:59 Castle Age
20:41 Fletching
22:10 Wheelbarrow
21:41 Gold Mining
22:03 Bow Saw
23:49 Bodkin Arrow
33:52 Stone Mining
34:08 Treadmill Crane
34:20 Pikeman
36:05 Horse Collar
37:48 Squires
37:52 Scale Mail Armor
38:03 Forging
39:51 Ballistics
39:51 Crossbowman
41:25 Hand Cart
46:02 Chain Mail Armor
46:22 Iron Casting
49:31 Stone Shaft Mining
49:34 Gold Shaft Mining
52:15 Thumb Ring
54:43 Imperial Age
52:13 Arson
54:22 Town Patrol
55:36 Bracer
56:40 Chemistry
55:48 Siege Engineers
55:54 Masonry
56:27 Conscription
55:33 Arbalester
57:19 Two-Man Saw
56:47 Arrowslits
57:13 Fortified Wall
57:09 Halberdier
59:18 Guilds
59:12 Cavalier
60:52 Shinkichon
60:38 Eupseong
61:40 Plate Mail Armor
61:17 Scale Barding Armor
61:14 Husbandry
60:36 Light Cavalry
61:48 Elite Skirmisher
64:00 Capped Ram
64:14 Hussar
67:10 Coinage
68:32 Banking
71:42 Chain Barding Armor
东京节度使
3:23 Loom
15:11 Feudal Age
17:00 Double-Bit Axe
23:07 Castle Age
27:47 Forging
33:20 Bow Saw
35:22 Wheelbarrow
39:17 Imperial Age
36:46 Gold Mining
40:22 Pikeman
41:34 Scale Barding Armor
53:15 Squires
55:49 Cavalier
56:30 Husbandry
Connection lost

Rejoining the realm…

Still unreachable

The connection could not be restored.

Session expired

The server has moved on; the page needs a fresh start.